 Dungeon Crawl Stone Soup version 0.30.0-16-gbe6223bb7e (webtiles) character file.

Game seed: 9996451637047276737

4241 NateTC the Fighter (level 10, -11/101 HPs)
             Began as a Minotaur Fighter on May 21, 2023.
             Was an Elder of Cheibriados.
             Mangled by an orc knight
             ... wielding a +0 glaive
              (36 damage)
             ... in a bailey.
             The game lasted 00:16:02 (4406 turns).

NateTC the Fighter (Minotaur Fighter)               Turns: 4406, Time: 00:16:03

Health: -11/101    AC: 18    Str: 35    XL:     10   Next: 9%
Magic:  9/9        EV: 14    Int: 14    God:    Cheibriados [****..]
Gold:   330        SH:  6    Dex: 18    Spells: 9/9 levels left

rFire   . . .        a - +0 war axe (elec)
rCold   . . .        c - +0 buckler
rNeg    . . .        g - +0 chain mail
rPois   .            (helmet restricted)
rElec   .            v - +0 cloak
rCorr   .            s - +0 pair of gloves
SInv    .            t - +1 pair of boots of the Original Sin {Regen+ Stlth+}
Will    .....        (no amulet) Stlth
                     e - +4 ring of protection
HPRegen 1.16/turn    h - +5 ring of evasion
MPRegen 0.11/turn

%: no passive effects
@: mighty, very slow
A: horns 2, retaliatory headbutt
a: Renounce Religion, Bend Time, Temporal Distortion, Slouch


You were in a bailey.
You worshipped Cheibriados.
Cheibriados was greatly pleased with you.
You visited 1 branch of the dungeon, and saw 7 of its levels.
You also visited: Sewer and Bailey.

You collected 330 gold pieces.

Inventory:

Hand Weapons
 a - a +0 war axe of electrocution (weapon)
 b - the +7 hammer of the Ship {freeze, rPois Int+3}
   (You found it on level 5 of the Dungeon)

   Int:       It affects your intelligence (+3).
   rPois:     It protects you from poison.
 y - a +0 arbalest
Armour
 c - a +0 buckler (worn)
 g - a +0 chain mail (worn)
 s - a +0 pair of gloves (worn)
 t - the +1 pair of boots of the Original Sin (worn) {Regen+ Stlth+}
   (You found it on level 4 of the Dungeon)

   Regen:     It increases your rate of health regeneration.
   Stlth:     It makes you more stealthy.
 v - a +0 cloak (worn)
Jewellery
 e - a +4 ring of protection (left hand)
 h - a +5 ring of evasion (right hand)
 o - a ring of fire
 p - a ring of flight
 r - a ring of see invisible
 w - a ring of wizardry
Wands
 k - a wand of iceblast (18)
 n - a wand of polymorph (14)
 q - a wand of charming (9)
Scrolls
 l - 4 scrolls of teleportation
 x - a scroll of amnesia
Potions
 d - 3 potions of might
 f - a potion of flight
 i - a potion of heal wounds
 j - 2 potions of brilliance
 m - 5 potions of curing
 u - a potion of ambrosia


   Skills:
 - Level 13.5 Fighting
 - Level 11.1 Axes
 * Level 4.5 Armour
 * Level 4.5 Shields


You had 9 spell levels left.
You didn't know any spells.
Your spell library contained the following spells:

 Spells                   Type           Power      Damage    Failure   Level
 Necrotise                Necr           0%         1d4       71%         1
 Summon Small Mammal      Summ           0%         N/A       71%         1
 Blink                    Tloc           0%         N/A       85%         2
 Lesser Beckoning         Tloc           0%         N/A       85%         2
 Momentum Strike          Conj/Tloc      0%         3d8       85%         2
 Call Canine Familiar     Summ           0%         N/A       97%         3
 Summon Guardian Golem    Hex/Summ       0%         N/A       97%         3
 Tukima's Dance           Hex            0%         N/A       97%         3
 Vampiric Draining        Necr           0%         2d6       97%         3
 Passage of Golubria      Tloc           0%         N/A       100%        4
 Agony                    Necr           0%         N/A       100%        5
 Yara's Violent Unravell  Hex/Tmut       0%         3d3       100%        5


Dungeon Overview and Level Annotations

Branches:
Dungeon (7/15) Zot: 40055  Temple (0/1) D:5           Sewer (visited)
 Bailey (1/1) Zot: 8662

Altars:
Ashenzari
Cheibriados
Fedhas
Qazlal
Uskayaw
Vehumet

Shops:
D:3 *

Annotations:
D:5 1 runed translucent door, Crazy Yiuf


Innate Abilities, Weirdness & Mutations

You have a pair of horns on your head.
You reflexively headbutt those who attack you in melee.


Message History

You completely miss the orc knight.
You headbutt the orc knight, but do no damage.
The orc knight is moderately wounded.
The orc knight barely misses you.
The orc knight hits you but does no damage.
The orc knight misses you.
The orc knight hits you with a +0 glaive!!
The orc knight closely misses you.
The orc knight hits you with a +0 glaive!
* * * LOW HITPOINT WARNING * * *
Things that are here:
a +0 spear; a +0 scale mail; an orc corpse
Okay, then.
You feel much better.
The orc knight hits you but does no damage.
The orc knight hits you with a +0 glaive!
You feel much better. You block the orc knight's attack.
The orc knight hits you with a +0 glaive!!
You feel very mighty all of a sudden.
The orc knight hits you but does no damage.
The orc knight misses you.
You completely miss the orc knight.
The orc knight is moderately wounded.
You slash the orc knight!
The orc knight no longer looks unusually strong.
The orc knight roars a battlecry!
The orc knight goes into a battle-frenzy!
The orc knight misses you.
You hit the orc knight but do no damage.
You headbutt the orc knight!
The orc knight is heavily wounded.
You slash the orc knight! You block the orc knight's attack.
The orc knight closely misses you.
You slash the orc knight! You headbutt the orc knight.
The orc knight is severely wounded.
You closely miss the orc knight.
The orc knight hits you with a +0 trident!
* * * LOW HITPOINT WARNING * * *
The orc knight hits you with a +0 glaive!!!
You die...

.≈≈#.##≈~~~~~~###~~~~~~≈##[#≈≈...
.~≈≈~≈≈≈~~~#########~~~≈≈≈~≈≈~...
.~~~~~~~~~##~~~~~~~##~~~~~)~)~...
.~~~~~~~~##~~#'#'#~~##~~~~~~~~...
.~~~~~~~~#~~##)#.##~~#~~~~~~~~...
.~~~~~~~##~#########~##~~~~~~~...
.~~~~~~~##~')#:.?#)'~##~~~~~~~...
.~~~~~~~##~###.o.###~##~~~~~~~...
.~~~~~~~##~'.#.o@#)'~##~~~~~~~...
.~~~~~~~##)####'####~##~~~~~~~...
.~~~~~~~~#~~##∩.∩##~~##~~~~~~~...
.~~~~~~~~##~~#'''##~~~~~~~~~~~...
.~~~~~~~~~##~~~~~##~~~~~~~~~~~...
.~≈≈~≈≈≈~~~##~~~~##~~~~≈≈≈~≈≈~...
.≈≈#)##≈~~~~#######~~~~≈##.#≈≈...
.≈##)∩#≈~~~~~~~~~~~~~~~≈#∩.##≈...
.≈#....~~~~~~~~~~~~~~~~~)...#≈...


You could see 2 orc knights.

Vanquished Creatures
  A two-headed ogre (D:7)
  Pikel (D:7)
  Sigmund (D:5)
  Menkaure (D:7)
  A water moccasin (D:4)
  Pargi (Sewer)
  6 orc warriors
  A sky beast (D:7)
  2 ice beasts
  3 black bears
  An ogre (D:4)
  2 centaurs (D:7)
  2 bullfrogs
  3 scorpions
  10 wights (D:7)
  An electric eel (D:7)
  2 jellies
  3 hounds
  4 iguanas
  Ijyb (D:3)
  An orc wizard (D:3)
  9 adders
  2 white imps
  An ufetubus (D:6)
  2 worms
  A dart slug (D:3)
  25 orcs
  4 ball pythons
  5 endoplasms
  7 giant cockroaches
  5 goblins
  9 hobgoblins
  7 kobolds
  4 quokkas
  4 bats
  4 frilled lizards
  2 rats (D:1)
139 creatures vanquished.

Vanquished Creatures (others)
  An orc (Bailey)
1 creature vanquished.

Grand Total: 140 creatures vanquished

Notes
Turn   | Place    | Note
-------+----------+-------------------------------------------
     0 | D:1      | NateTC the Minotaur Fighter began the quest for the Orb.
     0 | D:1      | Reached XP level 1. HP: 19/19 MP: 0/0
   284 | D:1      | Noticed a shining eye
   288 | D:1      | Noticed a great orb of eyes
   290 | D:1      | Found a faded altar of an unknown god.
   295 | D:1      | Noticed a great orb of eyes
   295 | D:1      | Noticed a great orb of eyes
   335 | D:1      | Reached XP level 2. HP: 26/26 MP: 1/1
   503 | D:2      | Reached XP level 3. HP: 31/31 MP: 2/2
   896 | D:3      | Reached skill level 5 in Axes
   896 | D:3      | Reached XP level 4. HP: 32/39 MP: 3/3
   932 | D:3      | You fall into a shaft and drop 1 floor!
   932 | D:4      | Found a radiant altar of Vehumet.
   967 | D:3      | Found Zahicuax's Assorted Antiques.
   977 | D:3      | Noticed Ijyb
   983 | D:3      | Killed Ijyb
  1075 | D:3      | Found a glowing drain.
  1089 | Sewer    | Entered a sewer
  1124 | Sewer    | Noticed Pargi
  1133 | Sewer    | Killed Pargi
  1134 | Sewer    | Reached XP level 5. HP: 40/45 MP: 4/4
  1444 | D:3      | Found a faded altar of an unknown god.
  1454 | D:3      | Found a broken altar of Ashenzari.
  1459 | D:3      | Prayed at the altar of an unknown god.
  1459 | D:3      | Became a worshipper of Cheibriados the Contemplative
  1459 | D:3      | Reached * piety under Cheibriados
  1593 | D:3      | Found a stormy altar of Qazlal.
  1845 | D:3      | Noticed an ice beast
  1857 | D:3      | Killed an ice beast
  1858 | D:3      | Reached XP level 6. HP: 51/51 MP: 5/5
  1911 | D:3      | Found a hide-covered altar of Uskayaw.
  2439 | D:4      | Noticed a water moccasin
  2444 | D:4      | Killed a water moccasin
  2444 | D:4      | Reached ** piety under Cheibriados
  2445 | D:4      | Reached XP level 7. HP: 55/57 MP: 6/6
  2467 | D:4      | Identified the +1 pair of boots of the Original Sin {Regen+
                  | Stlth+}
  2687 | D:5      | Entered Level 5 of the Dungeon
  2708 | D:5      | Found a staircase to the Ecumenical Temple.
  2722 | D:5      | Noticed Sigmund
  2728 | D:5      | Killed Sigmund
  2729 | D:5      | Reached skill level 10 in Axes
  2745 | D:5      | Found a blossoming altar of Fedhas.
  3114 | D:5      | Found a runed translucent door.
  3115 | D:5      | Identified the +7 hammer of the Ship {freeze, rPois Int+3}
  3115 | D:5      | Noticed Crazy Yiuf
  3253 | D:6      | Reached skill level 4 in Fighting
  3253 | D:6      | Reached XP level 8. HP: 66/66 MP: 7/7
  3264 | D:6      | Reached skill level 5 in Fighting
  3301 | D:6      | Reached skill level 6 in Fighting
  3753 | D:6      | Reached skill level 7 in Fighting
  3936 | D:7      | Reached skill level 8 in Fighting
  3938 | D:7      | Reached *** piety under Cheibriados
  3944 | D:7      | Reached skill level 9 in Fighting
  3966 | D:7      | Noticed Menkaure
  3971 | D:7      | Noticed a two-headed ogre
  3973 | D:7      | Killed Menkaure
  3975 | D:7      | Reached XP level 9. HP: 62/85 MP: 8/8
  3978 | D:7      | Killed a two-headed ogre
  3979 | D:7      | Reached skill level 11 in Fighting
  4044 | D:7      | Reached skill level 12 in Fighting
  4091 | D:7      | Noticed Pikel
  4098 | D:7      | Killed Pikel
  4099 | D:7      | Reached skill level 13 in Fighting
  4195 | D:7      | Found a flagged portal.
  4207 | Bailey   | Entered a bailey
  4275 | Bailey   | Reached XP level 10. HP: 70/101 MP: 9/9
  4340 | Bailey   | Reached **** piety under Cheibriados
  4393 | Bailey   | Noticed an orc knight
  4393 | Bailey   | Noticed an orc knight
  4406 | Bailey   | Mangled by an orc knight

Illustrated notes

Levels and vault maps discovered:
D:1:      dpeg_arrival_long_road, layout_rooms,
          hellmonk_ecumenical_altar_watching_god, hangedman_feature_mirror
D:2:      layout_basic
D:3:      layout_basic, nicolae_uskayaw_dance_hall,
          nicolae_overflow_ecumenical_swirl, mainiacjoe_overflow_alcove_2,
          serial_shops, shop, portal_sewer_entry_d,
          chequers_serial_rivers_large_b, uniq_ijyb
D:4:      layout_cave_pools, vehumet_crystals
D:5:      layout_rooms, fedhas_altar_2, temple_doors_e, uniq_sigmund,
          uniq_crazy_yiuf_cottage
D:6:      layout_cave_pods
D:7:      layout_loops_ring, enter_bailey_2, amcnicky_mini_pool_medium,
          uniq_pikel, uniq_menkaure
Bailey:   bailey_polearm_2, bailey

Skill      XL: |  1  2  3  4  5  6  7  8  9 |
---------------+----------------------------+-----
Axes           | 3 4 5 7 8 9 11 | 11.1
Fighting       | 4 9 13 | 13.5
Armour         | 4 |  4.5
Shields        | 4 |  4.5

Action                     |  1- 3 |  4- 6 |  7- 9 | 10-12 || total
---------------------------+-------+-------+-------+-------++-------
  Melee: War axe           |    64 |    96 |   105 |    25 ||   290
         Headbutt          |     8 |    11 |    23 |     7 ||    49
         Mace              |       |       |    26 |       ||    26
    Use: Scroll            |     6 |     6 |     5 |       ||    17
         Potion            |       |       |       |     3 ||     3
 Armour: Chain mail        |    32 |    38 |    76 |    11 ||   157
  Dodge: Dodged            |    36 |    87 |   141 |    24 ||   288
  Block: Buckler           |    11 |    24 |    48 |    19 ||   102
